 Dungeon Crawl Stone Soup version 0.27-a0-522-g46bbb28828 (webtiles) character file.

Game seed: 7548445951063834765

250 srzhan31 the Digger (level 6, -1/35 HPs)
             Began as a Gargoyle Earth Elementalist on Mar 4, 2021.
             Slain by a killer bee (6 damage)
             ... on level 4 of the Dungeon.
             The game lasted 00:17:49 (3710 turns).

srzhan31 the Digger (Gargoyle Earth Elementalist)   Turns: 3710, Time: 00:17:50

Health: -1/35      AC:  8    Str: 17    XL:     6   Next: 13%
Magic:  0/10       EV: 12    Int: 18    God:
Gold:   206        SH:  0    Dex: 10    Spells: 7/11 levels left

rFire    . . .     SeeInvis .   p - +0 dagger (vamp)
rCold    . . .     Faith    .   (no shield)
rNeg     + . .     Spirit   .   q - +0 leather armour
rPois    ∞         Reflect  .   (no helmet)
rElec    +         Harm     .   (no cloak)
rCorr    .         Rampage  .   (no gloves)
Will     .....                  f - +0 pair of boots
Stlth    ++........             (no amulet)
HPRegen  0.11/turn              g - +6 ring of strength
MPRegen  0.12/turn              (no ring)

@: no status effects
A: negative energy resistance 1, electricity resistance, unbreathing 1,
petrification resistance, miasma immunity, AC +4
a: no special abilities


You were on level 4 of the Dungeon.
You visited 1 branch of the dungeon, and saw 4 of its levels.

You collected 206 gold pieces.

Inventory:

Hand Weapons
 p - a +0 vampiric dagger (weapon)
Missiles
 b - 51 stones
 h - 8 poisoned darts
Armour
 f - a +0 pair of boots (worn)
 q - a +0 leather armour (worn)
Jewellery
 g - a +6 ring of strength (left hand)
Scrolls
 a - a scroll of identify
 c - a scroll of magic mapping {unknown}
 e - 4 scrolls of immolation
 k - 2 scrolls of amnesia {unknown}
 o - 2 scrolls of blinking {unknown}
 r - a scroll of enchant armour {unknown}
 u - a scroll of fear {unknown}
 w - 2 scrolls of teleportation {unknown}
 x - a scroll of fog {unknown}
Potions
 d - 2 potions of attraction
 i - 2 potions of flight {unknown}
 j - 2 potions of curing {unknown}
 l - a potion of heal wounds {unknown}
 m - 3 potions of might
 n - a potion of brilliance {unknown}
 s - a potion of berserk rage {unknown}
 t - 3 potions of haste
 v - 2 potions of resistance {unknown}
 z - a potion of mutation {unknown}
 A - a potion of ambrosia {unknown}


   Skills:
 * Level 1.8 Fighting
 * Level 1.7 Armour
 * Level 2.3 Dodging
 + Level 2.8 Stealth
 * Level 1.7 Shields
 + Level 3.2 Spellcasting
 * Level 1.3 Conjurations
 + Level 0.7 Transmutations
 + Level 4.6 Earth Magic


You had 7 spell levels left.
You knew the following spells:

 Your Spells              Type           Power        Failure   Level
a - Sandblast             Erth           38%          2%          1
b - Stone Arrow           Conj/Erth      26%          17%         3

Your spell library contained the following spells:

 Spells                   Type           Power        Failure   Level
 Passwall                 Tmut/Erth      10%          10%         2
 Petrify                  Tmut/Erth      12%          52%         4
 Lee's Rapid Deconstruct  Erth           9%           61%         5


Dungeon Overview and Level Annotations

Branches:
Dungeon (4/15)
 Temple: D:4-7

Altars:
Gozag
Kikubaaqudgha
Qazlal
Yredelemnul

Annotations:
D:3 2 transporters, Menkaure


Innate Abilities, Weirdness & Mutations

You are resistant to torment.
Your stone body is resilient. (AC +4)
You are immune to poison.
You resist negative energy. (rN+)
You are resistant to electric shocks. (rElec)
You can survive without breathing.
You are immune to petrification.
You are immune to miasma.


Message History

The killer bee closely misses you. x2
Aiming: Sandblast (safe; 3% risk of failure)
Press: ? - help, Q - select action, (/) - cycle Shift-Dir - straight line, f/p - killer bee
Aim: a killer bee (heavily wounded, 42% to evade)
The blast of sand hits the killer bee!
You kill the killer bee!
The killer bee closely misses you.
You have reached level 6!
Your experience leads to an increase in your attributes!
Your base attributes are Str 11, Int 17, Dex 10.
Increase (S)trength, (I)ntelligence, or (D)exterity?
You feel clever.
Aiming: Sandblast (safe; 2% risk of failure)
Press: ? - help, Q - select action, (/) - cycle Shift-Dir - straight line, f - killer bee
Aim: a killer bee (42% to evade)
The blast of sand hits the killer bee!
The killer bee is heavily wounded.
The killer bee closely misses you. The killer bee barely misses you.
Aiming: Sandblast (safe; 2% risk of failure)
Press: ? - help, Q - select action, (/) - cycle Shift-Dir - straight line, f/p - killer bee
Aim: a killer bee (heavily wounded, 42% to evade)
The blast of sand misses the killer bee.
The killer bee stings you but does no damage.
The killer bee barely misses you. The killer bee stings you.
The killer bee stings you but does no damage.
Aiming: Sandblast (safe; 2% risk of failure)
Press: ? - help, Q - select action, (/) - cycle Shift-Dir - straight line, f/p - killer bee
Aim: a killer bee (heavily wounded, 42% to evade)
The blast of sand hits the killer bee.
The killer bee is heavily wounded.
The killer bee misses you. x2
The killer bee stings you but does no damage.
The killer bee stings you.
You don't have enough magic to cast this spell.
A killer bee comes into view.
The killer bee stings you.
* * * LOW HITPOINT WARNING * * *
The killer bee buzzes angrily.
The killer bee stings you.
You die...

#.............##...#.#
###.....####.##.######.#
........ #.##.##.....#
......## #....##.#####
......# #######.#
......# #.y..#.# ......#
#†#y##.# ......#
#y#y##.# ......#
#.#.@..# ......####
#.###### .........y ..
######.>.. ## .! . #####
....#


You could see 3 killer bees.

Vanquished Creatures
  2 killer bees (D:4)
  An iguana (D:4)
  An orc wizard (D:2)
  3 adders
  2 oozes
  A worm (D:2)
  2 dart slugs
  9 orcs
  A giant cockroach (D:1)
  8 goblins
  4 hobgoblins
  6 jackals
  2 kobolds
  7 bats
  3 frilled lizards
  A leopard gecko zombie (D:3)
  9 rats
62 creatures vanquished.

Notes
Turn   | Place    | Note
-------+----------+-------------------------------------------
     0 | D:1      | srzhan31 the Gargoyle Earth Elementalist began the quest
                  | for the Orb.
     0 | D:1      | Reached XP level 1. HP: 10/10 MP: 3/3
    84 | D:1      | Reached XP level 2. HP: 9/15 MP: 0/5
   432 | D:1      | Reached skill level 4 in Earth Magic
   728 | D:1      | Reached XP level 3. HP: 19/19 MP: 4/6
  1393 | D:2      | Reached skill level 1 in Shields
  1605 | D:2      | Reached skill level 1 in Fighting
  1605 | D:2      | Reached XP level 4. HP: 6/25 MP: 0/7
  1683 | D:2      | Learned a level 3 spell: Stone Arrow
  2017 | D:3      | Found a transporter.
  2018 | D:3      | Found an ancient bone altar of Kikubaaqudgha.
  2019 | D:3      | Noticed a phantom
  2105 | D:3      | Reached skill level 1 in Armour
  2617 | D:3      | Found an opulent altar of Gozag.
  2882 | D:3      | Noticed Menkaure
  2884 | D:3      | Noticed a necrophage
  2885 | D:3      | Found the +10 morningstar "Eos" {elec, Halo rElec}
  2900 | D:3      | Found a transporter.
  3278 | D:4      | Reached XP level 5. HP: 29/29 MP: 6/9
  3369 | D:4      | Found a stormy altar of Qazlal.
  3699 | D:4      | Reached skill level 1 in Conjurations
  3706 | D:4      | Reached XP level 6. HP: 15/35 MP: 3/10
  3710 | D:4      | Slain by a killer bee

Illustrated notes

Levels and vault maps discovered:
D:1:      ebering_trefoil_3fold, layout_basic
D:2:      layout_loops_ring, minmay_misc_feat_plants
D:3:      layout_loops_corners, gammafunk_temple_of_torment,
          nicolae_gozag_seed_capital, item_on_display_a
D:4:      layout_basic, kennysheep_little_box

Skill      XL: |  1  2  3  4  5 |
---------------+----------------+-----
Earth Magic    | 4 |  4.6
Shields        | 1 |  1.7
Fighting       | 1 |  1.8
Armour         | 1 |  1.7
Dodging        | 2 |  2.3
Spellcasting   | 3 |  3.2
Conjurations   | 1 |  1.3
Stealth        | |  2.8
Transmutations | |  0.7

Action                   |  1- 3 |  4- 6 || total
-------------------------+-------+-------++-------
Melee: Unarmed           |    35 |       ||    35
       Dagger            |       |    14 ||    14
 Cast: Sandblast         |    46 |    52 ||    98
  Use: Scroll            |       |     4 ||     4
Armor: Robe              |    20 |       ||    20
       Leather armour    |       |    16 ||    16
Dodge: Dodged            |    43 |    26 ||    69

Table legend: (Time is in decaauts)
 A = Elapsed time spent in this place.
 B = Non-inter-level travel time spent in this place.
 C = Inter-level travel time spent in this place.
 D = Time resting spent in this place.
 E = Time spent auto-exploring this place.
 F = Levels seen in this place.
 G = Mean time per level.
                   A        B        C        D        E       F      G
               +--------+--------+--------+--------+--------+-----+--------+
         Total |   3709 |   3709 |      0 |      0 |      0 |   4 |  927.2 |
       Dungeon |   3709 |   3709 |      0 |      0 |      0 |   4 |  927.2 |
               +--------+--------+--------+--------+--------+-----+--------+

Top non-repeatable levels by time:
     D:3: 1122 daAuts
     D:1: 1050 daAuts
     D:2: 960 daAuts
     D:4: 575 daAuts
